 Dungeon Crawl Stone Soup version 0.23-a0-710-gaad00d04af (webtiles) character file.

34 Morbidden the Skirmisher (level 3, -3/30 HPs)
             Began as a Barachi Fighter on Jan 15, 2019.
             Slain by Sigmund
             ... wielding a +0 scythe
              (6 damage)
             ... on level 2 of the Dungeon.
             The game lasted 00:01:59 (922 turns).

Morbidden the Skirmisher (Barachi Fighter)           Turns: 922, Time: 00:02:00

Health: -3/30      AC:  9    Str: 23    XL:     3   Next: 31%
Magic:  3/3        EV:  5    Int:  8    God:
Gold:   8          SH:  0    Dex: 11    Spells: 2/2 levels left

rFire    + . .     SeeInvis .   a - +0 long sword
rCold    + . .     Gourm    .   c - +0 shield
rNeg     . . .     Faith    .   e - +0 chain mail
rPois    +         Spirit   .   (no helmet)
rElec    +         Reflect  .   (no cloak)
rCorr    +         Harm     .   (no gloves)
MR       .....                  (no boots)
Stlth    ..........             (no amulet)
HPRegen  0.10/turn              (no ring)
MPRegen  0.08/turn              (no ring)

@: confused, mighty, resistant, can't hop, slow
A: +LOS, swims, slowness 1, strong legs 1
a: Hop


You were on level 2 of the Dungeon.
You were hungry.

You visited 1 branch of the dungeon, and saw 2 of its levels.

You collected 8 gold pieces.

Inventory:

Hand Weapons
 a - a +0 long sword (weapon)
Armour
 c - a +0 shield (worn)
 e - a +0 chain mail (worn)
Scrolls
 g - a scroll of identify {unknown}
Comestibles
 f - 4 rations


   Skills:
 + Level 4.0 Fighting
 * Level 3.4 Long Blades
 + Level 3.8 Armour
 + Level 3.6 Shields


You had 2 spell levels left.
You didn't know any spells.
Your spell library was empty.

Dungeon Overview and Level Annotations

Branches:
Dungeon (2/15)

Altars:
Fedhas

Annotations:
D:2 Sigmund


Innate Abilities, Weirdness & Mutations

Shadows flee at your approach. (+LOS)
You can swim through water.
You cover ground slowly.
You can hop short distances.


Message History

Unknown command.
Okay, then.
You feel very mighty all of a sudden. Sigmund hits you but does no damage.
Unknown command.
You slash Sigmund!
Sigmund is moderately wounded.
Sigmund hits you but does no damage.
You barely miss Sigmund.
Sigmund is moderately wounded.
Sigmund casts a spell at you.
You are confused.
You bump into the rock wall.
Sigmund hits you with a +0 scythe!
* * * LOW HITPOINT WARNING * * *
You bump into the rock wall.
Unknown command.
You bump into the rock wall.
Sigmund hits you with a +0 scythe.
* * * LOW HITPOINT WARNING * * *
You bump into the rock wall.
Sigmund hits you with a +0 scythe.
You die...

..##.# # ...#.## .
.##. ..<...# .#.#..
.%....## #..#.#
...#...# #.##.#
...#.#.# #.##.#
..##.#..# #.##.# ..
#.# w### #.##.# ..
#†# ...# #)##@# .
#.## #.# #.##@#
...#..###.###.##w#
..PP.w{..s....#..###
.PP.PP####.##......#
..P_PP# #.......###
#P..PP# ####.#.##
#.PP..# #....#.#
#.#...# #......#


You could see Sigmund and a dart slug.

Vanquished Creatures
  4 bats
  4 giant cockroaches
  4 hobgoblins (D:1)
  7 jackals (D:1)
  2 goblins (D:1)
  5 kobolds
  A rat (D:1)
27 creatures vanquished.

Notes
Turn   | Place    | Note
-------+----------+-------------------------------------------
     0 | D:1      | Morbidden the Barachi Fighter began the quest for the Orb.
     0 | D:1      | Reached XP level 1. HP: 18/18 MP: 1/1
    93 | D:1      | Reached XP level 2. HP: 7/25 MP: 2/2
   647 | D:1      | Reached skill level 4 in Fighting
   647 | D:1      | Reached XP level 3. HP: 20/30 MP: 3/3
   866 | D:2      | Found a blossoming altar of Fedhas.
   876 | D:2      | Noticed Sigmund
   922 | D:2      | Slain by Sigmund

Vault maps used:
D:1:      dpeg_arrival_stone_temple_mockup
D:2:      fedhas_altar_3, elyvilon_altar_3, first_ration, uniq_jessica,
          uniq_sigmund

Skill      XL: |  1  2 |
---------------+-------+-----
Long Blades    | 3 |  3.4
Fighting       | 4 |  4.0
Armour         | |  3.8
Shields        | |  3.6

Action                   || total
-------------------------++-------
Melee: Long sword        ||    98
 Abil: Hop               ||     1
  Use: Potion            ||     2
Armor: Chain mail        ||   133
Dodge: Dodged            ||    41
Block: Shield            ||    82
       Rpst.: Long sword ||    13

Table legend:
 A = Non-vault XP
 B = Vault XP
 C = Vault XP percentage of total XP
 D = Non-vault monster count
 E = Vault monster count
 F = Vault count percentage of total count
                 A         B        C        D         E       F
            +---------+---------+-------+---------+---------+-------
      Total |      49 |       0 |   0.0 |      27 |       0 |   0.0
            +---------+---------+-------+---------+---------+-------
        D:1 |      43 |       0 |   0.0 |      23 |       0 |   0.0
        D:2 |       6 |       0 |   0.0 |       4 |       0 |   0.0
            +---------+---------+-------+---------+---------+-------
